| TOP OF THE 1ST |
|
Knoxville Blue Jays batting - Pitching for Montgomery Rebels : RHP William Bellomo
|
|
Pitching: RHP William Bellomo
|
|
|
Batting: SHB Albert Hall
|
0-0: Ball 1-0: Swinging Strike 1-1: Ball 2-1: Foul Ball, location: 2F 2-2: Fly out, F8 (Flyball, 89D, EV 75.6 MPH)
|
|
Batting: RHB Brian Asselstine
|
0-0: Called Strike 0-1: Fly out, F9 (Flyball, 9, EV 85.0 MPH)
|
|
Batting: RHB Fritzie Connally
|
0-0: Ball 1-0: Swinging Strike 1-1: Fly out, F9 (Line Drive, 9, EV 91.9 MPH)
|
| Top of the 1st over - 0 runs, 0 hits, 0 errors, 0 left on base; Knoxville 0 - Montgomery 0 |
| BOTTOM OF THE 1ST |
|
Montgomery Rebels batting - Pitching for Knoxville Blue Jays : RHP Dan Greenhalgh
|
|
Pitching: RHP Dan Greenhalgh
|
|
|
Batting: LHB Chris Stropolo
|
0-0: Called Strike 0-1: Ball 1-1: Foul Ball, location: 2F 1-2: Ground out U3 (Groundball, 34, EV 87.5 MPH)
|
|
Batting: LHB Dwayne Murphy
|
0-0: SINGLE (Line Drive, 8LS, EV 108.1 MPH)
|
|
Batting: LHB Greg Brock
|
0-0: Called Strike 0-1: Ball 1-1: Fly out, F9 (Line Drive, 9, EV 93.1 MPH)
|
|
Batting: RHB Nate Tria
|
0-0: Called Strike 0-1: Ball 1-1: Ball 2-1: Foul Ball, location: 2F 2-2: Ball 3-2: Foul Ball, location: 2F 3-2: Base on Balls Dwayne Murphy to second
|
|
Batting: SHB Arthur Fischetti
|
0-0: Ball Wild Pitch! Dwayne Murphy to third Nate Tria to second 1-0: Swinging Strike 1-1: Ball 2-1: Ground out U3 (Groundball, 3, EV 104.4 MPH)
|
| Bottom of the 1st over - 0 runs, 1 hit, 0 errors, 2 left on base; Knoxville 0 - Montgomery 0 |
| TOP OF THE 2ND |
|
Knoxville Blue Jays batting - Pitching for Montgomery Rebels : RHP William Bellomo
|
|
Batting: RHB Jose Canseco
|
0-0: Called Strike 0-1: Fly out, F4 (Popup, 4, EV 64.4 MPH)
|
|
Batting: RHB Alex Villalobos
|
0-0: Called Strike 0-1: Fly out, F4 (Popup, 3D, EV 63.8 MPH)
|
|
Batting: SHB Butch Wynegar
|
0-0: TRIPLE (Flyball, 78XD, EV 91.3 MPH)
|
|
Batting: RHB Hank Small
|
0-0: Swinging Strike 0-1: Ball 1-1: Called Strike 1-2: Ball 2-2: Ball 3-2: Base on Balls
|
|
Batting: RHB Alex Taveras
|
0-0: DOUBLE (Groundball, 5L, EV 100.6 MPH) Butch Wynegar scores Hank Small to third Runner from 3rd tries for Home, SAFE, no throw by LF
|
|
Batting: RHB Jerry Royster
|
0-0: Swinging Strike 0-1: Foul Ball, location: 2F 0-2: DOUBLE (Line Drive, 3D, EV 103.8 MPH) Alex Taveras scores
|
|
Batting: SHB Albert Hall
|
0-0: Ball 1-0: Ball 2-0: Called Strike 2-1: Ball 3-1: Base on Balls
|
|
Batting: RHB Brian Asselstine
|
0-0: Called Strike 0-1: Foul Ball, location: 2F 0-2: Ball 1-2: Ball 2-2: Ball 3-2: Foul Ball, location: 2F 3-2: Foul Ball, location: 2F 3-2: Fly out, F5 (Flyball, 5D, EV 81.9 MPH)
|
| Top of the 2nd over - 3 runs, 3 hits, 0 errors, 2 left on base; Knoxville 3 - Montgomery 0 |
| BOTTOM OF THE 2ND |
|
Montgomery Rebels batting - Pitching for Knoxville Blue Jays : RHP Dan Greenhalgh
|
|
Batting: RHB Roberto Palacios
|
0-0: Ball 1-0: Ball 2-0: Foul Ball, location: 2F 2-1: Fly out, F2 (Popup, 3SF, EV 71.9 MPH)
|
|
Batting: SHB Mike Thorpe
|
0-0: Called Strike 0-1: Ball 1-1: Fly out, F8 (Flyball, 8LS, EV 82.5 MPH)
|
|
Batting: RHB Jeff Schumaker
|
0-0: Called Strike 0-1: Ball 1-1: Swinging Strike 1-2: Ball 2-2: Foul Ball, location: 2F 2-2: Strikes out looking
|
| Bottom of the 2nd over - 0 runs, 0 hits, 0 errors, 0 left on base; Knoxville 3 - Montgomery 0 |
| TOP OF THE 3RD |
|
Knoxville Blue Jays batting - Pitching for Montgomery Rebels : RHP William Bellomo
|
|
Batting: RHB Fritzie Connally
|
0-0: Swinging Strike 0-1: Ball 1-1: Fly out, F7 (Line Drive, 7, EV 87.5 MPH)
|
|
Batting: RHB Jose Canseco
|
0-0: Ball 1-0: Called Strike 1-1: Called Strike 1-2: Foul Ball, location: 2F 1-2: Strikes out looking
|
|
Batting: RHB Alex Villalobos
|
0-0: Called Strike 0-1: Ball 1-1: SINGLE (Groundball, 6MD, EV 106.3 MPH)
|
|
Batting: SHB Butch Wynegar
|
0-0: Swinging Strike 0-1: Ball Alex Villalobos steals 2nd base 1-1: Ball 2-1: Foul Ball, location: 2F 2-2: Foul Ball, location: 2F 2-2: Ground out U3 (Groundball, 34, EV 105.6 MPH)
|
| Top of the 3rd over - 0 runs, 1 hit, 0 errors, 1 left on base; Knoxville 3 - Montgomery 0 |
| BOTTOM OF THE 3RD |
|
Montgomery Rebels batting - Pitching for Knoxville Blue Jays : RHP Dan Greenhalgh
|
|
Batting: LHB Michael Shinn
|
0-0: Swinging Strike 0-1: Ball 1-1: Foul Ball, location: 2F 1-2: Ball 2-2: Foul Ball, location: 2F 2-2: Strikes out swinging
|
|
Batting: LHB Chris Stropolo
|
0-0: Ball 1-0: Ball 2-0: Called Strike 2-1: Foul Ball, location: 2F 2-2: Foul Ball, location: 2F 2-2: Foul Ball, location: 2F 2-2: SINGLE (Line Drive, 6D, EV 94.4 MPH)
|
|
Batting: LHB Dwayne Murphy
|
0-0: Ball 1-0: Ball 2-0: Ball 3-0: Base on Balls Chris Stropolo to second
|
|
Batting: LHB Greg Brock
|
0-0: Called Strike 0-1: Ball 1-1: Swinging Strike 1-2: Ball 2-2: Fly out, F6 (Popup, 6, EV 68.1 MPH)
|
|
Batting: RHB Nate Tria
|
0-0: Ball 1-0: Ball 2-0: Ball 3-0: Called Strike 3-1: Swinging Strike 3-2: Base on Balls Chris Stropolo to third Dwayne Murphy to second
|
|
Batting: SHB Arthur Fischetti
|
0-0: Ball 1-0: Foul Ball, location: 2F 1-1: Foul Ball, location: 2F 1-2: Fielders Choice at 2nd, 6-4 (Groundball, 6, EV 86.9 MPH)
|
| Bottom of the 3rd over - 0 runs, 1 hit, 0 errors, 3 left on base; Knoxville 3 - Montgomery 0 |
| TOP OF THE 4TH |
|
Knoxville Blue Jays batting - Pitching for Montgomery Rebels : RHP William Bellomo
|
|
Batting: RHB Hank Small
|
0-0: Ball 1-0: DOUBLE (Line Drive, 78M, EV 112.5 MPH)
|
|
Batting: RHB Alex Taveras
|
0-0: Foul Ball, location: 2F 0-1: Ball 1-1: Fly out, F7 (Flyball, 7, EV 74.4 MPH)
|
|
Batting: RHB Jerry Royster
|
0-0: Ball 1-0: Swinging Strike 1-1: Ground out 4-3 (Groundball, 34, EV 85.0 MPH) Hank Small to third
|
|
Batting: SHB Albert Hall
|
0-0: Hit by Pitch
|
|
Batting: RHB Brian Asselstine
|
0-0: Called Strike 0-1: Swinging Strike 0-2: Ball 1-2: Ball 2-2: Ball 3-2: Foul Ball, location: 2F 3-2: Ground out 4-3 (Groundball, 4S, EV 68.8 MPH)
|
| Top of the 4th over - 0 runs, 1 hit, 0 errors, 2 left on base; Knoxville 3 - Montgomery 0 |
| BOTTOM OF THE 4TH |
|
Montgomery Rebels batting - Pitching for Knoxville Blue Jays : RHP Dan Greenhalgh
|
|
Batting: RHB Roberto Palacios
|
0-0: Called Strike 0-1: Swinging Strike 0-2: Strikes out swinging
|
|
Batting: SHB Mike Thorpe
|
0-0: Ball 1-0: Swinging Strike 1-1: Foul Ball, location: 2F 1-2: SINGLE (Flyball, 5D, EV 91.9 MPH)
|
|
Batting: RHB Jeff Schumaker
|
0-0: Ball 1-0: Called Strike 1-1: Ground out 4-3 (Groundball, 13, EV 81.9 MPH) Mike Thorpe to second
|
|
Batting: LHB Michael Shinn
|
0-0: Called Strike 0-1: Foul Ball, location: 2F 0-2: Ball 1-2: Foul Ball, location: 2F 1-2: Ball 2-2: Foul Ball, location: 2F 2-2: Fly out, F9 (Flyball, 9, EV 76.9 MPH)
|
| Bottom of the 4th over - 0 runs, 1 hit, 0 errors, 1 left on base; Knoxville 3 - Montgomery 0 |
| TOP OF THE 5TH |
|
Knoxville Blue Jays batting - Pitching for Montgomery Rebels : RHP William Bellomo
|
|
Batting: RHB Fritzie Connally
|
0-0: Swinging Strike 0-1: Ball 1-1: Swinging Strike 1-2: Foul Ball, location: 2F 1-2: Foul Ball, location: 2F 1-2: Ball 2-2: Ball 3-2: Foul Ball, location: 2F 3-2: Foul Ball, location: 2F 3-2: Strikes out swinging
|
|
Batting: RHB Jose Canseco
|
0-0: Ball 1-0: Ball 2-0: Ball 3-0: Base on Balls
|
|
Batting: RHB Alex Villalobos
|
0-0: Ball 1-0: Grounds into double play, 5-4-3 (Groundball, 56S, EV 79.4 MPH)
|
| Top of the 5th over - 0 runs, 0 hits, 0 errors, 0 left on base; Knoxville 3 - Montgomery 0 |
| BOTTOM OF THE 5TH |
|
Montgomery Rebels batting - Pitching for Knoxville Blue Jays : RHP Dan Greenhalgh
|
|
Batting: LHB Chris Stropolo
|
0-0: Foul Ball, location: 2F 0-1: Foul Ball, location: 2F 0-2: Ball 1-2: Ball 2-2: Strikes out swinging
|
|
Batting: LHB Dwayne Murphy
|
0-0: Ball 1-0: Called Strike 1-1: Ball 2-1: Fly out, F4 (Flyball, 4D, EV 88.8 MPH)
|
|
Batting: LHB Greg Brock
|
0-0: Ball 1-0: Called Strike 1-1: Foul Ball, location: 2F 1-2: Strikes out swinging
|
| Bottom of the 5th over - 0 runs, 0 hits, 0 errors, 0 left on base; Knoxville 3 - Montgomery 0 |
| TOP OF THE 6TH |
|
Knoxville Blue Jays batting - Pitching for Montgomery Rebels : RHP William Bellomo
|
|
Batting: SHB Butch Wynegar
|
0-0: Called Strike 0-1: Ball 1-1: Ball 2-1: Ball 3-1: Foul Ball, location: 2F 3-2: Fly out, F8 (Flyball, 78M, EV 96.3 MPH)
|
|
Batting: RHB Hank Small
|
0-0: Called Strike 0-1: Foul Ball, location: 2F 0-2: Foul Ball, location: 2F 0-2: Ball 1-2: Ball 2-2: Ball 3-2: Foul Ball, location: 2F 3-2: Foul Ball, location: 2F 3-2: SINGLE (Line Drive, 9S, EV 93.1 MPH)
|
|
Batting: RHB Alex Taveras
|
0-0: Ball 1-0: Ball 2-0: Swinging Strike 2-1: Foul Ball, location: 2F 2-2: Ball 3-2: Foul Ball, location: 2F 3-2: Strikes out swinging
|
|
Batting: RHB Jerry Royster
|
0-0: Fly out, F6 (Line Drive, 6, EV 73.8 MPH)
|
| Top of the 6th over - 0 runs, 1 hit, 0 errors, 1 left on base; Knoxville 3 - Montgomery 0 |
| BOTTOM OF THE 6TH |
|
Montgomery Rebels batting - Pitching for Knoxville Blue Jays : RHP Dan Greenhalgh
|
|
Batting: RHB Nate Tria
|
0-0: Ball 1-0: Foul Ball, location: 2F 1-1: Ball 2-1: Swinging Strike 2-2: Ball 3-2: Strikes out looking
|
|
Batting: SHB Arthur Fischetti
|
0-0: Ball 1-0: Foul Ball, location: 2F 1-1: DOUBLE (Line Drive, 7LM, EV 89.4 MPH)
|
|
Batting: RHB Roberto Palacios
|
0-0: Ball 1-0: Foul Ball, location: 2F 1-1: Called Strike 1-2: Foul Ball, location: 2F 1-2: Strikes out swinging
|
|
Batting: SHB Mike Thorpe
|
0-0: Foul Ball, location: 2F 0-1: Foul Ball, location: 2F 0-2: Ball 1-2: Ball 2-2: Ball 3-2: Fly out, F4 (Popup, 34, EV 53.1 MPH)
|
| Bottom of the 6th over - 0 runs, 1 hit, 0 errors, 1 left on base; Knoxville 3 - Montgomery 0 |
| TOP OF THE 7TH |
|
Knoxville Blue Jays batting - Pitching for Montgomery Rebels : RHP William Bellomo
|
|
Batting: SHB Albert Hall
|
0-0: Fly out, F7 (Flyball, 7LD, EV 100.6 MPH)
|
|
Batting: RHB Brian Asselstine
|
0-0: Called Strike 0-1: Called Strike 0-2: Ball 1-2: Ball 2-2: Ball 3-2: Ground out 5-3 (Groundball, 5S, EV 79.4 MPH)
|
|
Batting: RHB Fritzie Connally
|
0-0: Fly out, F4 (Flyball, 34D, EV 78.1 MPH)
|
| Top of the 7th over - 0 runs, 0 hits, 0 errors, 0 left on base; Knoxville 3 - Montgomery 0 |
| BOTTOM OF THE 7TH |
|
Montgomery Rebels batting - Pitching for Knoxville Blue Jays : RHP Dan Greenhalgh
|
|
Batting: RHB Jeff Schumaker
|
0-0: Ball 1-0: Foul Ball, location: 2F 1-1: Ball 2-1: SINGLE (Groundball, 56S, EV 68.8 MPH) (infield hit)
|
|
Batting: LHB Michael Shinn
|
0-0: Swinging Strike 0-1: Ball 1-1: Foul Ball, location: 2F 1-2: Strikes out swinging
|
|
Batting: LHB Chris Stropolo
|
0-0: Foul Ball, location: 2F 0-1: Ball 1-1: Foul Ball, location: 2F 1-2: Ball 2-2: Strikes out swinging
|
|
Batting: LHB Dwayne Murphy
|
0-0: Ball 1-0: Ball 2-0: Called Strike 2-1: Swinging Strike 2-2: Ball 3-2: Strikes out swinging
|
| Bottom of the 7th over - 0 runs, 1 hit, 0 errors, 1 left on base; Knoxville 3 - Montgomery 0 |
| TOP OF THE 8TH |
|
Knoxville Blue Jays batting - Pitching for Montgomery Rebels : RHP William Bellomo
|
|
Batting: RHB Jose Canseco
|
0-0: Swinging Strike 0-1: Swinging Strike 0-2: Ball 1-2: Fly out, F7 (Flyball, 78M, EV 82.5 MPH)
|
|
Batting: RHB Alex Villalobos
|
0-0: Called Strike 0-1: Ball 1-1: Ball 2-1: Fly out, F3 (Popup, 3F, EV 75.6 MPH)
|
|
Batting: SHB Butch Wynegar
|
0-0: Called Strike 0-1: Called Strike 0-2: Ground out 5-3 (Groundball, 5, EV 100.6 MPH)
|
| Top of the 8th over - 0 runs, 0 hits, 0 errors, 0 left on base; Knoxville 3 - Montgomery 0 |
| BOTTOM OF THE 8TH |
|
Montgomery Rebels batting - Pitching for Knoxville Blue Jays : RHP Dan Greenhalgh
|
|
Batting: LHB Greg Brock
|
0-0: Fly out, F8 (Flyball, 8LM, EV 83.8 MPH)
|
|
Batting: RHB Nate Tria
|
0-0: Ball 1-0: Ground out 4-3 (Groundball, 13, EV 86.3 MPH)
|
|
Batting: SHB Arthur Fischetti
|
0-0: Called Strike 0-1: Ball 1-1: Called Strike 1-2: Fly out, F9 (Flyball, 89S, EV 93.1 MPH)
|
| Bottom of the 8th over - 0 runs, 0 hits, 0 errors, 0 left on base; Knoxville 3 - Montgomery 0 |
| TOP OF THE 9TH |
|
Knoxville Blue Jays batting - Pitching for Montgomery Rebels : RHP William Bellomo
|
|
Batting: RHB Hank Small
|
0-0: SOLO HOME RUN (Flyball, 89XD, EV 110.0 MPH), Distance : 406 ft
|
|
Batting: RHB Alex Taveras
|
0-0: Called Strike 0-1: SINGLE (Groundball, 56S, EV 68.1 MPH) (infield hit)
|
|
Batting: RHB Jerry Royster
|
0-0: Called Strike 0-1: Ball 1-1: Ball 2-1: Ball 3-1: Foul Ball, location: 2F 3-2: Fly out, F9 (Flyball, 9LM, EV 95.0 MPH)
|
|
Batting: SHB Albert Hall
|
0-0: Fly out, F6 (Popup, 6M, EV 60.6 MPH)
|
|
Batting: RHB Brian Asselstine
|
0-0: Ball 1-0: Swinging Strike 1-1: Ball 2-1: Ball 3-1: Ground out 6-3 (Groundball, 6M, EV 98.1 MPH)
|
| Top of the 9th over - 1 run, 2 hits, 0 errors, 1 left on base; Knoxville 4 - Montgomery 0 |
| BOTTOM OF THE 9TH |
|
Montgomery Rebels batting - Pitching for Knoxville Blue Jays : RHP Dan Greenhalgh
|
|
Batting: RHB Roberto Palacios
|
0-0: Swinging Strike 0-1: Ball 1-1: Ball 2-1: Fly out, F9 (Flyball, 9D, EV 96.3 MPH)
|
|
Batting: SHB Mike Thorpe
|
0-0: Ball 1-0: DOUBLE (Line Drive, 78D, EV 100.6 MPH)
|
|
Batting: RHB Jeff Schumaker
|
0-0: Ball 1-0: Swinging Strike 1-1: Ball 2-1: Foul Ball, location: 2F 2-2: Strikes out swinging
|
|
Batting: LHB Michael Shinn
|
0-0: Ball 1-0: Called Strike 1-1: Foul Ball, location: 2F 1-2: Ball 2-2: Strikes out swinging
|
| Bottom of the 9th over - 0 runs, 1 hit, 0 errors, 1 left on base; Knoxville 4 - Montgomery 0 |
|